 Dungeon Crawl Stone Soup version 0.30-a0-618-gd6c86c23d0 (webtiles) character file.

Game seed: 11987448350933941053

823 bmack86 the Trooper (level 7, -5/64 HPs)
             Began as a Minotaur Fighter on Jan 10, 2023.
             Was a Follower of Okawaru.
             Succumbed to a green ugly thing's poison
             ... on level 6 of the Dungeon.
             The game lasted 00:14:25 (4211 turns).

bmack86 the Trooper (Minotaur Fighter)              Turns: 4211, Time: 00:14:25

Health: -5/64      AC: 18    Str: 23    XL:     7   Next: 64%
Magic:  6/6        EV:  6    Int:  5    God:    Okawaru [*.....]
Gold:   261        SH:  5    Dex: 13    Spells: 6/6 levels left

rFire   . . .      SeeInvis .    a - +1 war axe
rCold   . . .      Faith    .    c - +0 buckler
rNeg    . . .      Spirit   .    D - +0 plate armour
rPois   .          Reflect  .    (helmet restricted)
rElec   .          Harm     .    l - +1 cloak
rCorr   .          Rampage  .    (no gloves)
Will    .....                    (no boots) Stlth
                                 (no amulet)
HPRegen 0.30/turn                w - ring "Esuseh" {AC+4 Dex+4}
MPRegen 0.10/turn                (no ring)

@: lethally poisoned (-5 -> -42)
A: horns 2, retaliatory headbutt
a: Renounce Religion, Heroism


You were on level 6 of the Dungeon.
You worshipped Okawaru.
Okawaru was aware of your devotion.
You visited 2 branches of the dungeon, and saw 7 of its levels.

You collected 376 gold pieces.
You spent 115 gold pieces at shops.

Inventory:

Hand Weapons
 a - a +1 war axe (weapon)
 b - a +0 battleaxe
Missiles
 o - 6 boomerangs (quivered)
 y - 3 throwing nets
Armour
 c - a +0 buckler (worn)
 l - a +1 cloak (worn)
 D - a +0 plate armour (worn)
Jewellery
 w - the ring "Esuseh" (left hand) {AC+4 Dex+4}
   (You found it on level 3 of the Dungeon)

   [ring of protection]

   AC:        It affects your AC (+4).
   Dex:       It affects your dexterity (+4).
Wands
 B - a wand of light (5)
Scrolls
 e - 2 scrolls of enchant weapon
 j - 2 scrolls of teleportation
 k - a scroll of enchant armour
 r - a scroll of brand weapon
 t - a scroll of fog {unknown}
 v - a scroll of fear
 A - a scroll of vulnerability {unknown}
Potions
 d - a potion of might
 f - a potion of flight
 g - 2 potions of ambrosia
 i - a potion of mutation
 m - 2 potions of curing
 q - a potion of berserk rage {unknown}
 s - a potion of attraction {unknown}
 u - a potion of haste {unknown}
 x - a potion of degeneration {unknown}
 z - a potion of heal wounds {unknown}


   Skills:
 * Level 6.6 Fighting
 * Level 6.2 Axes
 + Level 2.4 Throwing
 + Level 5.3 Armour
 + Level 5.2 Shields


You had 6 spell levels left.
You didn't know any spells.
Your spell library contained the following spells:

 Spells                   Type           Power      Damage    Failure   Level
 Magic Dart               Conj           0%         1d3       100%        1
 Cigotuvi's Dreadful Rot  Necr/Pois/Air  0%         N/A       100%        2
 Poisonous Vapours        Pois/Air       0%         N/A       100%        2
 Mephitic Cloud           Conj/Pois/Air  0%         N/A       100%        3
 Call Imp                 Summ           Unusable   N/A       N/A         2

Dungeon Overview and Level Annotations

Branches:
Dungeon (6/15)             Temple (1/1) D:4

Altars:
Cheibriados
Dithmenos
Elyvilon
Gozag
Kikubaaqudgha
Makhleb
Okawaru
Ru
Trog
Wu Jian
Yredelemnul
Zin

Shops:
D:2 ?

Annotations:
D:3 1 runed translucent door, Crazy Yiuf


Innate Abilities, Weirdness & Mutations

You have a pair of horns on your head.
You reflexively headbutt those who attack you in melee.


Message History

You hit the green ugly thing.
The green ugly thing is heavily wounded.
You closely miss the scorpion.
The scorpion stings you but does no damage.
The green ugly thing engulfs you.
You are poisoned.
The green ugly thing poisons you!
The scorpion stings you but does no damage.
You hit the green ugly thing.
The green ugly thing is heavily wounded.
You closely miss the scorpion.
You feel extremely sick. The green ugly thing engulfs you.
You are lethally poisoned!
The green ugly thing poisons you! The scorpion barely misses you.
You slash the green ugly thing! You headbutt the green ugly thing!
The green ugly thing is almost dead.
You barely miss the scorpion.
* * * LOW HITPOINT WARNING * * *
You feel extremely sick. You block the scorpion's attack.
You block the green ugly thing's attack.
The scorpion stings you but does no damage.
The green ugly thing engulfs you but does no damage.
You completely miss the green ugly thing.
You headbutt the green ugly thing, but do no damage.
The green ugly thing is severely wounded.
You hit the scorpion but do no damage.
* * * LOW HITPOINT WARNING * * *
You feel extremely sick. You block the scorpion's attack.
The green ugly thing barely misses you. You furiously retaliate!
You headbutt the green ugly thing! You slash the green ugly thing!
You kill the green ugly thing!
Okawaru is honoured by your kill.
You hit the scorpion.
You kill the scorpion!
Okawaru accepts your kill.
You can now gain great but temporary skills.
You die...

...... ......
###########
......####.........#
#.......##.>.......#
#.......##.........#
........##.........#
........##....)...[#
......†@.'.........#
.../...###.........#
....... #.........#
.......
#.........##.#
#######
###'####.....#
#...##.#####
###.#..# #..>##
###.#


There were no monsters in sight!

Vanquished Creatures
  An ugly thing (D:6)
  2 ogres
  3 scorpions
  A necrophage (D:5)
  4 hounds
  Ijyb (D:4)
  An iguana (D:5)
  An orc wizard (D:5)
  Robin (D:2)
  5 gnolls
  7 adders
  A white imp (D:5)
  2 ufetubi
  2 worms
  3 dart slugs
  6 orcs
  5 ball pythons
  11 endoplasms
  6 giant cockroaches
  15 goblins
  16 hobgoblins
  13 jackals
  9 kobolds
  4 quokkas
  7 bats
  2 frilled lizards
  11 rats
140 creatures vanquished.

Vanquished Creatures (others)
  A goblin (D:4)
  4 plants
5 creatures vanquished.

Grand Total: 145 creatures vanquished

Notes
Turn   | Place    | Note
-------+----------+-------------------------------------------
     0 | D:1      | bmack86 the Minotaur Fighter began the quest for the Orb.
     0 | D:1      | Reached XP level 1. HP: 19/19 MP: 0/0
   151 | D:1      | Reached XP level 2. HP: 27/27 MP: 1/1
   265 | D:1      | Found a faded altar of an unknown god.
   536 | D:1      | Reached XP level 3. HP: 33/33 MP: 2/2
   953 | D:2      | Noticed Robin
   955 | D:2      | Reached XP level 4. HP: 39/41 MP: 3/3
   976 | D:2      | Killed Robin
  1025 | D:2      | Identified the +1 leather armour "Ynich" {rF- Int+7 Dex+3}
  1161 | D:2      | Found Remi's Magic Scroll Shop.
  1165 | D:2      | Bought a scroll of identify for 20 gold pieces
  1165 | D:2      | Bought a scroll of brand weapon for 95 gold pieces
  1466 | D:3      | Reached XP level 5. HP: 47/47 MP: 4/4
  1657 | D:3      | Identified the ring "Esuseh" {AC+4 Dex+4}
  1679 | D:3      | Reached skill level 5 in Fighting
  1847 | D:3      | Found a runed translucent door.
  1848 | D:3      | Noticed Crazy Yiuf
  2234 | D:4      | Found a staircase to the Ecumenical Temple.
  2246 | Temple   | Entered the Ecumenical Temple
  2487 | D:4      | Found a white marble altar of Elyvilon.
  2597 | D:4      | Noticed Ijyb
  2610 | D:4      | Killed Ijyb
  2611 | D:4      | Reached skill level 1 in Throwing
  2789 | D:4      | Reached XP level 6. HP: 17/56 MP: 5/5
  3045 | D:4      | Reached skill level 5 in Axes
  3162 | D:4      | Found a bloodstained altar of Trog.
  3507 | D:5      | Entered Level 5 of the Dungeon
  3573 | D:5      | Reached skill level 5 in Armour
  3573 | D:5      | Reached XP level 7. HP: 63/63 MP: 6/6
  3593 | D:5      | Reached skill level 5 in Shields
  3890 | D:5      | Found an iron altar of Okawaru.
  3901 | D:5      | Became a worshipper of Warmaster Okawaru
  4198 | D:6      | Noticed a green ugly thing
  4211 | D:6      | Killed a green ugly thing
  4211 | D:6      | Reached * piety under Okawaru
  4211 | D:6      | Succumbed to a green ugly thing's poison

Illustrated notes

Levels and vault maps discovered:
D:1:      matt_arrival_refuge, layout_rooms,
          dreamdust_ecumenical_altar_hidden_monk_grotto
D:2:      layout_rooms, serial_shops, nicolae_shop_behind_doors, uniq_robin
D:3:      layout_basic, uniq_crazy_yiuf_cottage
D:4:      layout_cave_pods, trog_hazing_becter, nicolae_elyvilon_peaceful_grove,
          minmay_temple_entry_overgrown, minmay_crossroads, uniq_ijyb
D:5:      layout_cave_pools, okawaru_altar_gauntlet_db
D:6:      layout_basic, nicolae_overflow_hallway_of_the_gods, serial_shops,
          shop, uniq_edmund, uniq_pikel
Temple:   jpeg_temple_island

Skill      XL: |  1  2  3  4  5  6  7 |
---------------+----------------------+-----
Axes           | 3 4 5 6 |  6.2
Fighting       | 4 5 6 |  6.6
Armour         | 4 5 |  5.3
Shields        | 4 5 |  5.2
Throwing       | 1 2 |  2.4

Action                   |  1- 3 |  4- 6 |  7- 9 || total
-------------------------+-------+-------+-------++-------
Melee: War axe           |    93 |   136 |    60 ||   289
       Headbutt          |     7 |    21 |     8 ||    36
  Use: Scroll            |       |     9 |     2 ||    11
Armor: Scale mail        |    54 |       |       ||    54
       Chain mail        |    30 |   100 |    38 ||   168
       Plate armour      |       |       |    11 ||    11
Dodge: Dodged            |    61 |    65 |    30 ||   156
Block: Buckler           |    31 |    33 |    27 ||    91

Table legend: (Time is in decaauts)
 A = Elapsed time spent in this place.
 B = Non-inter-level travel time spent in this place.
 C = Inter-level travel time spent in this place.
 D = Time resting spent in this place.
 E = Time spent auto-exploring this place.
 F = Levels seen in this place.
 G = Mean time per level.
                   A        B        C        D        E       F      G
               +--------+--------+--------+--------+--------+-----+--------+
         Total |   4351 |   4186 |    165 |      0 |   2723 |   7 |  621.6 |
       Dungeon |   4071 |   3933 |    138 |      0 |   2490 |   6 |  678.5 |
        Temple |    279 |    252 |     27 |      0 |    233 |   1 |  279.0 |
               +--------+--------+--------+--------+--------+-----+--------+

Top non-repeatable levels by time:
     D:4: 1098 daAuts
     D:3: 889 daAuts
     D:2: 693 daAuts
     D:1: 670 daAuts
     D:5: 640 daAuts
  Temple: 279 daAuts
     D:6: 80 daAuts
